 Seeded DCSS version 0.29-a0-371-g91724d5b39 (webtiles) character file.

Game seed: 20220502 (custom seed)

193 a11behringer the Cudgeller (level 5, -4/33 HPs)
             Began as a Gargoyle Berserker on May 2, 2022.
             Was a Believer of Trog.
             Slain by a hobgoblin
             ... wielding a +0 club
              (6 damage)
             ... on level 3 of the Dungeon.
             The game lasted 00:06:37 (3208 turns).

a11behringer the Cudgeller (Gargoyle Berserker)     Turns: 3208, Time: 00:06:39

Health: -4/33      AC: 14    Str: 22    XL:     5   Next: 72%
Magic:  5/5        EV:  8    Int:  8    God:    Trog [**....]
Gold:   94         SH:  0    Dex:  9    Spells: 4/4 levels left

rFire   . . .      SeeInvis .   a - +0 mace
rCold   . . .      Faith    .   (no shield)
rNeg    + + .      Spirit   .   m - +0 chain mail
rPois   ∞          Reflect  .   (no helmet)
rElec   +          Harm     .   n - +0 cloak
rCorr   .          Rampage  .   (no gloves)
Will    .....                   (no boots)
Stlth   ..........              (no amulet)
HPRegen 0.11/turn               k - ring of positive energy
MPRegen 0.09/turn               (no ring)

@: on berserk cooldown, slowed, very slow
A: sickness immunity, AC +4, negative energy resistance 1, electricity
resistance, torment resistance 1, petrification resistance
a: Renounce Religion, Berserk, Trog's Hand


You were on level 3 of the Dungeon.
You worshipped Trog.
Trog was pleased with you.
You visited 1 branch of the dungeon, and saw 3 of its levels.

You collected 94 gold pieces.

Inventory:

Hand Weapons
 a - a +0 mace (weapon)
Armour
 b - a +0 animal skin
 e - a +0 ring mail
 l - a +0 scale mail
 m - a +0 chain mail (worn)
 n - a +0 cloak (worn)
Jewellery
 k - a ring of positive energy (left hand)
Scrolls
 c - 2 scrolls of identify {unknown}
 d - a scroll of fog {unknown}
 f - a scroll of magic mapping {unknown}
 i - 2 scrolls of fear {unknown}
 j - a scroll of immolation {unknown}
 t - a scroll of teleportation {unknown}
Potions
 g - a potion of berserk rage {unknown}
 h - 2 potions of curing {unknown}
 o - a potion of heal wounds {unknown}
 p - a potion of cancellation {unknown}
 q - a potion of invisibility {unknown}
 r - a potion of lignification {unknown}
 s - a potion of degeneration {unknown}


   Skills:
 + Level 4.0 Fighting
 * Level 5.4 Maces & Flails
 + Level 2.9 Armour
 + Level 1.8 Dodging


You had 4 spell levels left.
You didn't know any spells.
Your spell library was empty.

Dungeon Overview and Level Annotations

Branches:
Dungeon (3/15)

Altars:
Vehumet

Shops:
D:3 [


Innate Abilities, Weirdness & Mutations

You are immune to sickness and miasma.
Your stone body is resilient. (AC +4)
You are immune to poison.
You resist negative energy. (rN+)
You are resistant to electric shocks. (rElec)
You are resistant to unholy torment.
You are immune to petrification.


Message History

You closely miss the kobold brigand.
The kobold brigand is almost dead.
The hobgoblin hits you.
The kobold brigand hits you with a +0 club.
* * * LOW HITPOINT WARNING * * *
The kobold hits you but does no damage. The hobgoblin barely misses you.
The hobgoblin hits you but does no damage.
You hit the kobold brigand but do no damage.
The kobold brigand is almost dead.
The hobgoblin hits you but does no damage.
The kobold brigand hits you but does no damage.
The kobold hits you but does no damage.
The hobgoblin hits you but does no damage.
The kobold brigand barely misses you.
The hobgoblin hits you but does no damage. x2
You hit the kobold brigand but do no damage.
The kobold brigand is almost dead.
The hobgoblin barely misses you.
The kobold brigand hits you but does no damage. x2
The hobgoblin closely misses you.
The kobold brigand hits you but does no damage.
The hobgoblin barely misses you.
The kobold brigand hits you but does no damage.
You hit the kobold brigand.
The kobold brigand is almost dead.
The hobgoblin hits you but does no damage.
The kobold brigand hits you with a +0 club.
* * * LOW HITPOINT WARNING * * *
The hobgoblin hits you but does no damage.
The kobold brigand hits you with a +0 club.
* * * LOW HITPOINT WARNING * * *
The hobgoblin closely misses you.
You closely miss the kobold brigand.
The kobold brigand is almost dead.
The hobgoblin barely misses you.
The kobold brigand hits you but does no damage. x2
The hobgoblin closely misses you.
The kobold brigand completely misses you.
The hobgoblin hits you with a +0 club.
You die...

##### #...KK######
....KKK@g..#
.#####Kg...##
###≈≈≈####...#
####≈≈≈≈≈≈≈≈....#
######.≈≈≈≈≈≈≈≈≈.....#
....##.....≈≈≈.......#
######...............#
# #...............#
####.............##


You could see 2 kobold brigands, 2 hobgoblins and 4 kobolds.

Vanquished Creatures
  An ogre (D:3)
  5 adders
  2 worms (D:2)
  2 dart slugs (D:1)
  6 endoplasms
  7 giant cockroaches
  2 goblins (D:1)
  6 hobgoblins
  3 jackals (D:1)
  2 quokkas (D:1)
  2 bats
  A frilled lizard (D:1)
  7 kobolds
  7 rats
53 creatures vanquished.

Notes
Turn   | Place    | Note
-------+----------+-------------------------------------------
     0 | D:1      | a11behringer the Gargoyle Berserker began the quest for the
                  | Orb.
     0 | D:1      | Reached XP level 1. HP: 14/14 MP: 1/1
   419 | D:1      | Reached XP level 2. HP: 16/19 MP: 2/2
   926 | D:1      | Found a faded altar of an unknown god.
  1153 | D:1      | Reached XP level 3. HP: 23/23 MP: 3/3
  1429 | D:1      | Reached ** piety under Trog
  1755 | D:2      | Reached skill level 4 in Maces & Flails
  1816 | D:2      | Found a radiant altar of Vehumet.
  1842 | D:2      | Reached XP level 4. HP: 27/29 MP: 4/4
  2503 | D:2      | You fall into a shaft and drop 1 floor!
  2753 | D:3      | Noticed an ogre
  2761 | D:3      | Killed an ogre
  2762 | D:3      | Reached skill level 5 in Maces & Flails
  2762 | D:3      | Reached XP level 5. HP: 26/33 MP: 5/5
  3120 | D:3      | Found Camot's Armour Boutique.
  3188 | D:3      | Noticed a kobold brigand
  3191 | D:3      | Noticed a kobold brigand
  3207 | D:3      | HP: 1/33 [kobold brigand/+0 club (6)]
  3208 | D:3      | Slain by a hobgoblin

Illustrated notes

Levels and vault maps discovered:
D:1:      minmay_arrival_four_houses, layout_loops_corners,
          shapermc_ecumenical_altar_rom_forum, minmay_misc_feat_doors
D:2:      layout_loops_corners, basic_altar, minmay_heptomino_w4
D:3:      cheibrodos_thug_alley, layout_rooms, serial_shops, shop

Skill      XL: |  1  2  3  4 |
---------------+-------------+-----
Maces & Flails | 4 5 |  5.4
Fighting       | 4 |  4.0
Armour         | |  2.9
Dodging        | |  1.8

Action                   |  1- 3 |  4- 6 || total
-------------------------+-------+-------++-------
Melee: Mace              |   111 |   115 ||   226
Invok: Berserk           |       |     2 ||     2
       Trog's Hand       |       |     1 ||     1
Armor: Animal skin       |    13 |       ||    13
       Ring mail         |    16 |       ||    16
       Scale mail        |     9 |     1 ||    10
       Chain mail        |       |    98 ||    98
Dodge: Dodged            |    71 |    75 ||   146

Table legend: (Time is in decaauts)
 A = Elapsed time spent in this place.
 B = Non-inter-level travel time spent in this place.
 C = Inter-level travel time spent in this place.
 D = Time resting spent in this place.
 E = Time spent auto-exploring this place.
 F = Levels seen in this place.
 G = Mean time per level.
                   A        B        C        D        E       F      G
               +--------+--------+--------+--------+--------+-----+--------+
         Total |   3259 |   3145 |    114 |      0 |   2655 |   3 | 1086.3 |
       Dungeon |   3259 |   3145 |    114 |      0 |   2655 |   3 | 1086.3 |
               +--------+--------+--------+--------+--------+-----+--------+

Top non-repeatable levels by time:
     D:1: 1647 daAuts
     D:2: 1038 daAuts
     D:3: 573 daAuts
